 Dungeon Crawl Stone Soup version 0.30-a0-799-g109b55a442 (webtiles) character file.

Game seed: 9700359237687576530

5 Pimp the Stinger (level 1, -1/7 (13) HPs)
             Began as a Demonspawn Venom Mage on Feb 21, 2023.
             Slain by a goblin
             ... wielding a +0 dagger of draining
              (2 damage)
             ... on level 1 of the Dungeon.
             The game lasted 00:00:27 (130 turns).

Pimp the Stinger (Demonspawn Venom Mage)             Turns: 130, Time: 00:00:27

HP:   -1/7 (13)     AC:  2    Str:  8    XL:     1   Next: 66%
MP:   1/3           EV: 12    Int: 16    God:
Gold: 17            SH:  0    Dex: 13    Spells: 3/4 levels left

rFire   . . .      SeeInvis .    (no weapon)
rCold   . . .      Faith    .    (no shield)
rNeg    . . .      Spirit   .    a - +0 robe
rPois   .          Reflect  .    (no helmet)
rElec   .          Harm     .    (no cloak)
rCorr   .          Rampage  .    (no gloves)
Will    .....                    (no boots)
Stlth   ++                       (no amulet)
HPRegen 0.21/turn                (no ring)
MPRegen 0.08/turn                (no ring)

@: very heavily drained
A: no striking features
a: no special abilities


You were on level 1 of the Dungeon.
You visited 1 branch of the dungeon, and saw 1 of its levels.

You collected 17 gold pieces.

Inventory:

Armour
 a - a +0 robe (worn)
Scrolls
 c - a scroll of fog {unknown}
 e - a scroll of teleportation {unknown}
Potions
 b - a potion of magic
 d - a potion of curing {unknown}


   Skills:
 + Level 1.9 Dodging
 + Level 1.9 Stealth
 + Level 2.0 Spellcasting
 + Level 1.0 Transmutations
 + Level 3.0 Poison Magic


You had 3 spell levels left.
You knew the following spells:

 Your Spells              Type           Power      Damage    Failure   Level
a - Sting                 Tmut/Pois      32%        1d4       9%          1

Your spell library contained the following spells:

 Spells                   Type           Power      Damage    Failure   Level
 Poisonous Vapours        Pois/Air       12%        N/A       17%         2
 Sandblast                Erth           2%         2d4       21%         1
 Passwall                 Tmut/Erth      2%         N/A       26%         2
 Mephitic Cloud           Conj/Pois/Air  4%         N/A       38%         3
 Stone Arrow              Conj/Erth      2%         3d7       52%         3
 Olgreb's Toxic Radiance  Pois           11%        N/A       50%         4


Dungeon Overview and Level Annotations

Branches:
Dungeon (1/15)

Altars:


Message History

Unknown command.
Casting: Sting (safe; 9% risk of failure)
Confirm with . or Enter, or press ? or * to list all spells.
Aiming: Sting (safe; 9% risk of failure)
Press: ? - help, Shift-Dir - straight line, f - rat
Aim: a rat (68% to hit)
The sting hits the rat.
The rat is poisoned.
You kill the rat!
Casting: Sting (safe; 9% risk of failure)
Confirm with . or Enter, or press ? or * to list all spells.
Aiming: Sting (safe; 9% risk of failure)
Press: ? - help, Shift-Dir - straight line, f - goblin
Aim: a goblin, wielding a +0 dagger of draining (60% to hit)
The sting hits the goblin.
The goblin is poisoned.
The goblin is moderately wounded.
The goblin hits you but does no damage.
You feel drained.
You barely miss the goblin.
The goblin is moderately wounded.
The goblin hits you but does no damage.
You feel drained.
You closely miss the goblin.
The goblin is moderately wounded.
The goblin hits you with a +0 dagger of draining.
You feel drained.
You hit the goblin but do no damage.
The goblin is moderately wounded.
The quokka twitches its whiskers.
The goblin hits you with a +0 dagger of draining.
You feel drained.
You closely miss the goblin.
The goblin is moderately wounded.
The goblin hits you with a +0 dagger of draining.
You feel drained.
You hit the goblin.
The goblin is heavily wounded.
The goblin looks more healthy.
The goblin hits you with a +0 dagger of draining.
Ouch! That really hurt!
* * * LOW HITPOINT WARNING * * *
You feel drained.
You die...

#.⌠.###.⌠.#.#
##♣#.#.#.#[#.†#
#.#.#.#.####..# #
♣.###.⌠.##.### .#
.##.#.#.#)##.## ..#
..#.....#...# ..#
#....###.....# ...#
####..###.....####....##
........+.....'.@gr.....
##....##.....####....##
#....##.†...# ...#
#.......##### ....
#....##..# ...
#....###..# .. #....#
#.# . #....# .# #....#
..


You could see a quokka and a goblin.

Vanquished Creatures
  An endoplasm (D:1)
  A ball python (D:1)
  2 bats (D:1)
  A frilled lizard (D:1)
  A rat (D:1)
6 creatures vanquished.

Notes
Turn   | Place    | Note
-------+----------+-------------------------------------------
     0 | D:1      | Pimp the Demonspawn Venom Mage began the quest for the Orb.
     0 | D:1      | Reached XP level 1. HP: 13/13 MP: 3/3
    89 | D:1      | Reached skill level 1 in Transmutations
   130 | D:1      | Slain by a goblin

Illustrated notes

Levels and vault maps discovered:
D:1:      matt_arrival_diagonals, layout_basic, minmay_crystal_room,
          grunt_decor_mini_mirrors

Skill      XL: |  1 |
---------------+----+-----
Transmutations | 1 |  1.0
Dodging        | |  1.9
Stealth        | |  1.9
Spellcasting   | |  2.0
Poison Magic   | |  3.0

Action                     || total
---------------------------++-------
  Melee: Unarmed           ||    12
   Cast: Sting             ||     6
 Armour: Robe              ||     3
  Dodge: Dodged            ||     7

Table legend: (Time is in decaauts)
 A = Elapsed time spent in this place.
 B = Non-inter-level travel time spent in this place.
 C = Inter-level travel time spent in this place.
 D = Time resting spent in this place.
 E = Time spent auto-exploring this place.
 F = Levels seen in this place.
 G = Mean time per level.
                   A        B        C        D        E       F      G
               +--------+--------+--------+--------+--------+-----+--------+
         Total |    130 |    130 |      0 |      0 |     84 |   1 |  130.0 |
       Dungeon |    130 |    130 |      0 |      0 |     84 |   1 |  130.0 |
               +--------+--------+--------+--------+--------+-----+--------+

Top non-repeatable levels by time:
     D:1: 130 daAuts
